 Dungeon Crawl Stone Soup version 0.30-a0-1116-gebefce21f7 (webtiles) character file.

Game seed: 15936986194697922758

72 Ethinn the Grave Robber (level 4, -6/30 HPs)
             Began as a Mummy Necromancer on Apr 21, 2023.
             Mangled by an orc
             ... wielding a +0 trident
              (7 damage)
             ... on level 4 of the Dungeon.
             The game lasted 00:33:01 (2147 turns).

Ethinn the Grave Robber (Mummy Necromancer)         Turns: 2147, Time: 00:33:01

Health: -6/30      AC:  5    Str: 11    XL:     4   Next: 6%
Magic:  5/10       EV: 10    Int: 16    God:
Gold:   76         SH:  0    Dex: 12    Spells: 10/11 levels left

rFire   x . .      SeeInvis .    r - +2 dagger (freeze)
rCold   + . .      Faith    +    (no shield)
rNeg    + + +      Spirit   .    d - +0 ring mail
rPois   ∞          Reflect  .    (no helmet)
rElec   .          Rampage  .    (no cloak)
rCorr   .                        (no gloves)
Will    .....                    (no boots)
Stlth   +                        (no amulet)
HPRegen 0.25/turn                (no ring)
MPRegen 0.12/turn                (no ring)

@: no status effects
A: cold resistance 1, negative energy resistance 3, torment resistance 2, heat
vulnerability 1, in touch with death 1, no potions, faith
a: no special abilities


You were on level 4 of the Dungeon.
You visited 1 branch of the dungeon, and saw 3 of its levels.

You collected 76 gold pieces.

Inventory:

Hand Weapons
 b - a +0 dagger of venom
 c - a +0 club
 f - a +0 dagger
 g - a +0 dagger
 h - a +0 dagger of venom
 i - a +0 short sword
 j - a +0 dagger
 k - a +0 dagger
 l - a +0 short sword
 o - a +0 club
 p - a +0 short sword
 q - a +0 spear
 r - a +2 dagger of freezing (weapon)
 v - a +0 flail
 y - a +0 short sword
Missiles
 s - 10 stones
Armour
 a - a +0 robe
 d - a +0 ring mail (worn)
 t - a +0 ring mail
 u - a +0 pair of boots
 A - a +0 robe
Scrolls
 m - a scroll of immolation {unknown}
 w - 3 scrolls of amnesia {unknown}
 B - a scroll of identify {unknown}
Potions
 e - 2 potions of haste {unknown}
 n - a potion of mutation {unknown}
 x - a potion of brilliance {unknown}
 z - a potion of attraction {unknown}


   Skills:
 + Level 0.4 Armour
 + Level 1.6 Dodging
 + Level 1.6 Stealth
 * Level 4.2 Spellcasting
 * Level 4.7 Necromancy


You had 10 spell levels left.
You knew the following spells:

 Your Spells              Type           Power      Damage    Failure   Level
a - Necrotise             Necr           100%       1d9       6%          1

Your spell library contained the following spells:

 Spells                   Type           Power      Damage    Failure   Level
 Vampiric Draining        Necr           27%        2d7       17%         3
 Animate Dead             Necr           27%        N/A       50%         4
 Agony                    Necr           27%        N/A       85%         5
 Malign Gateway           Summ/Tloc      1%         N/A       100%        7
 Summon Horrible Things   Summ           1%         N/A       100%        8


Dungeon Overview and Level Annotations

Branches:
Dungeon (2/15)

Altars:


Innate Abilities, Weirdness & Mutations

You are immune to poison.
Your flesh is cold resistant. (rC+)
You are immune to negative energy. (rN+++)
You are immune to unholy pain and torment.
You are vulnerable to heat. (rF-)
You are in touch with the powers of death.
You do not drink.
You have a special connection with the divine. (Faith)


Message History

Aiming: Necrotise (safe; 6% risk of failure)
Press: ? - help, Shift-Dir - straight line, f/p - adder
Aim: an adder (heavily wounded, chance to affect: 88%)
You feel a surge of power!
You miscast Necrotise.
You are very lightly contaminated with residual magic.
Nothing appears to happen.
The ball python bites you but does no damage.
The ball python grabs you. The ball python constricts you.
The adder closely misses you.
The ball python bites you but does no damage.
The ball python constricts you.
The orc hits you from afar with a +0 trident!
Unknown command.
The ball python's grasp on you weakens, but your attempt to escape fails.
The adder barely misses you. The ball python completely misses you.
The ball python constricts you. The adder bites you but does no damage.
The orc hits you with a +0 hand axe. The orc hits you but does no damage.
You escape the ball python's grasp.
The adder misses you. The orc closely misses you.
The orc hits you but does no damage.
An orc comes into view. It is wielding a +2 hand axe of venom.
The orc shouts!
The orc hits you with a +0 hand axe.
The orc hits you from afar with a +0 trident.
* * * LOW HITPOINT WARNING * * *
A quokka comes into view.
The adder attacks as you move away! The adder bites you but does no damage.
The adder closely misses you. The goblin closely misses you.
The orc misses you. The orc hits you with a +0 dagger.
* * * LOW HITPOINT WARNING * * *
The adder attacks as you move away! The adder bites you.
* * * LOW HITPOINT WARNING * * *
The orc hits you but does no damage. The adder closely misses you.
Your magical contamination has completely faded away.
You hit the orc but do no damage. The ball python bites you.
* * * LOW HITPOINT WARNING * * *
The ball python closely misses you. The adder barely misses you.
The orc barely misses you.
The orc hits you from afar with a +0 trident!
You die...

....###.#..###......
#.o...........#####
.###.###.#..####..
.........#.S# ###
.........#.<..
......)(o#..#.#
.......go#S.....
.....rooS#..#.###
......o@S##.#.
.........#
........## ........#
##.###### ... .


You could see an adder, 5 orcs, a quokka, a goblin and a ball python.

Vanquished Creatures
  2 adders (D:4)
  A worm (D:2)
  A dart slug (D:1)
  6 endoplasms
  2 giant cockroaches
  2 goblins (D:1)
  4 hobgoblins
  2 jackals (D:1)
  3 quokkas (D:1)
  5 ball pythons
  3 bats
  A frilled lizard (D:1)
  8 kobolds
  4 rats (D:2)
44 creatures vanquished.

Vanquished Creatures (collateral kills)
  A jackal (D:1)
  2 frilled lizards (D:1)
3 creatures vanquished.

Grand Total: 47 creatures vanquished

Notes
Turn   | Place    | Note
-------+----------+-------------------------------------------
     0 | D:1      | Ethinn the Mummy Necromancer began the quest for the Orb.
     0 | D:1      | Reached XP level 1. HP: 13/13 MP: 4/4
   258 | D:1      | Reached XP level 2. HP: 19/19 MP: 1/6
   904 | D:1      | Gained mutation: You are in touch with the powers of death.
                  | [Mummy growth]
   904 | D:1      | Reached XP level 3. HP: 22/24 MP: 1/7
  2042 | D:2      | You fall into a shaft and drop 2 floors!
  2064 | D:4      | Reached XP level 4. HP: 30/30 MP: 3/10
  2145 | D:4      | HP: 1/30 [adder (2)]
  2147 | D:4      | Mangled by an orc

Illustrated notes

Levels and vault maps discovered:
D:1:      dpeg_arrival_round_b, layout_basic
D:2:      layout_basic, basic_altar, uniq_jessica, uniq_robin
D:4:      layout_basic, lemuel_doored_altar, minmay_temple_entry_offerings,
          uniq_eustachio

Skill      XL: |  1  2  3 |
---------------+----------+-----
Spellcasting   | 3 4 |  4.2
Armour         | |  0.4
Dodging        | |  1.6
Stealth        | |  1.6
Necromancy     | |  4.7

Action                     |  1- 3 |  4- 6 || total
---------------------------+-------+-------++-------
  Melee: Dagger            |    37 |     1 ||    38
  Throw: Stone             |     8 |       ||     8
   Cast: Necrotise         |    77 |     5 ||    82
    Use: Scroll            |     1 |       ||     1
 Armour: Ring mail         |    30 |     9 ||    39
  Dodge: Dodged            |    50 |    15 ||    65

Table legend: (Time is in decaauts)
 A = Elapsed time spent in this place.
 B = Non-inter-level travel time spent in this place.
 C = Inter-level travel time spent in this place.
 D = Time resting spent in this place.
 E = Time spent auto-exploring this place.
 F = Levels seen in this place.
 G = Mean time per level.
                   A        B        C        D        E       F      G
               +--------+--------+--------+--------+--------+-----+--------+
         Total |   2146 |   1753 |    393 |      0 |    836 |   3 |  715.3 |
       Dungeon |   2146 |   1753 |    393 |      0 |    836 |   3 |  715.3 |
               +--------+--------+--------+--------+--------+-----+--------+

Top non-repeatable levels by time:
     D:1: 1541 daAuts
     D:2: 499 daAuts
     D:4: 104 daAuts
